AoeStats
← 非洲人林某

African Clearing

504112187Analyzed
4v4 RM · 27d ago on Sep 4, 2026· 45m 54s· 8 players
Game mode
Random Map
Map size
Large (8 player)
Population
200
Speed
Normal
Resources
Standard
Victory
Conquest
Starting age
Dark Age
Ending age
Imperial Age
RankedLock teamsTeams togetherTeam positionsShared explorationLock speedFull tech treeHidden civsTurbo modeCheats
Victory
Defeat
🇦🇷 Mapuche · Argentina
1179
+14
🇨🇳 Ethiopians · China
1121
+17
🇦🇷 Maya · Argentina
1108
+17
🇦🇷 Magyars · Argentina
1094
+18
🇦🇷 Malians · Argentina
1178
-19
🇺🇸 Hindustanis · United States
1142
-17
🇧🇷 Teutons · Brazil
1105
-15
🇻🇪 Khmer · Venezuela
1105
-15
hotzmann
15:27 Feudal Age
15:40 Loom
16:37 Double-Bit Axe
18:55 Castle Age
20:39 Forging
21:50 Bloodlines
21:54 Horse Collar
22:42 Bow Saw
27:38 Wheelbarrow
27:40 Stone Mining
30:02 Hand Cart
31:05 Scale Mail Armor
31:13 Grand Trunk Road
32:54 Chain Mail Armor
32:45 Squires
33:28 Gold Mining
34:26 Iron Casting
35:36 Gold Shaft Mining
35:15 Arson
39:00 Imperial Age
39:27 Elite Ghulam
41:26 Blast Furnace
40:47 Town Watch
Fs. Ô FOKA
7:54 Loom
12:29 Feudal Age
17:57 Castle Age
17:19 Horse Collar
17:25 Double-Bit Axe
19:54 Bow Saw
26:59 Heavy Plow
27:13 Bloodlines
27:58 Scale Barding Armor
30:38 Chain Barding Armor
34:05 Elite Skirmisher
34:45 Gold Mining
36:02 Wheelbarrow
35:59 Fletching
36:10 Padded Archer Armor
36:20 Forging
42:16 Imperial Age
EliezerGV
8:03 Loom
15:03 Feudal Age
21:04 Castle Age
19:17 Double-Bit Axe
24:16 Gold Mining
28:17 Scale Barding Armor
28:26 Padded Archer Armor
29:43 Elite Skirmisher
31:18 Husbandry
33:16 Stone Mining
37:21 Chain Barding Armor
41:26 Imperial Age
40:28 Forging
42:34 Gold Shaft Mining
44:52 Plate Barding Armor
45:20 Chemistry
44:42 Conscription
46:18 Double Crossbow
Duck Rattlehead
3:26 Loom
13:56 Feudal Age
18:09 Castle Age
16:14 Double-Bit Axe
21:08 Squires
20:53 Arson
25:25 Scale Mail Armor
25:44 Fletching
29:08 Elite Skirmisher
30:08 Bodkin Arrow
32:58 Padded Archer Armor
35:48 Ballistics
42:47 Imperial Age
40:55 Town Watch
41:33 Thumb Ring
MateoargeAOE
13:35 Feudal Age
18:51 Castle Age
19:49 Castle Age
22:33 Loom
29:38 Horse Collar
30:45 Stone Mining
33:47 Bloodlines
33:37 Husbandry
35:12 Husbandry
35:34 Pikeman
36:51 Heavy Plow
38:34 Gold Mining
43:23 Scale Barding Armor
46:27 Chain Barding Armor
非洲人林某
9:51 Loom
15:21 Feudal Age
17:06 Double-Bit Axe
19:33 Castle Age
19:29 Fletching
19:46 Crossbowman
22:21 Thumb Ring
22:13 Gold Mining
26:10 Padded Archer Armor
29:40 Town Watch
30:39 Bodkin Arrow
35:12 Ballistics
38:07 Wheelbarrow
39:17 Leather Archer Armor
40:50 Hand Cart
Maxi24875
3:03 Loom
14:32 Feudal Age
18:08 Castle Age
16:23 Double-Bit Axe
17:42 Wheelbarrow
27:48 Horse Collar
28:42 Fletching
30:03 Hand Cart
31:33 Bodkin Arrow
31:39 Padded Archer Armor
35:20 Imperial Age
34:05 Forging
33:18 Pikeman
34:54 Bow Saw
34:39 Gold Mining
34:39 Stone Mining
35:10 Squires
35:13 Scale Mail Armor
36:11 Squires
36:58 Ballistics
36:44 Bracer
37:43 Conscription
37:42 Elite Plumed Archer
41:09 Chemistry
41:24 Chain Mail Armor
41:45 Iron Casting
42:13 Treadmill Crane
42:45 Fortified Wall
42:53 Leather Archer Armor
43:08 Plate Mail Armor
42:26 Arson
42:36 Halberdier
44:27 Blast Furnace
44:38 Two-Man Saw
45:40 Ring Archer Armor
Bravo
14:36 Feudal Age
13:30 Loom
18:53 Castle Age
17:22 Double-Bit Axe
17:48 Fletching
18:22 Horse Collar
18:33 Gold Mining
19:38 Bodkin Arrow
23:18 Town Watch
25:30 Wheelbarrow
26:02 Ballistics
27:22 Padded Archer Armor
28:52 Leather Archer Armor
30:59 Heavy Plow
31:10 Bow Saw
33:31 Hand Cart
38:41 Gold Shaft Mining
37:57 Stone Mining
42:02 Imperial Age
40:35 Malon
40:51 Forging
41:34 Treadmill Crane
42:05 Masonry
43:06 Conscription
42:35 Elite Kona
43:55 Butalmapu
43:24 Elite Bolas Rider
45:49 Hoardings
46:03 Iron Casting
45:59 Ring Archer Armor
Connection lost

Rejoining the realm…

Still unreachable

The connection could not be restored.

Session expired

The server has moved on; the page needs a fresh start.